Flyers vs Senators

Created - 24 février 2018 at 15:55

Goals
1 2 3 OT1 T
Flyers 1 2 2 1 6
Senators 1 1 3 0 5
Shots
1 2 3 OT1 T
Flyers 9 16 10 2 37
Senators 11 10 14 0 35

1st period

1. Flyers , Duncan Keith 6 (Jakub Kindl 3, Patrick Kane 36) at 4:18 (PP)
2. Senators , Jordan Staal 19 (Nikita Zaytsev 28, David Krejci 29) at 6:40

Penalties :
Nikita Zaytsev (OTT) for Boarding (Minor) at 0:27, Jordan Staal (OTT) for Tripping (Minor) at 3:06, Boone Jenner (OTT) for Tripping (Minor) at 10:34, Jakob Chychrun (PHI) for Cross-checking (Minor) at 10:34, Nikita Zaytsev (OTT) for Holding (Minor) at 15:03

2nd period

3. Flyers , Dustin Brown 12 (Trevor Lewis 15, Duncan Keith 28) at 4:17
4. Senators , Troy Brouwer 10 (Blake Wheeler 45, Brendan Bell 9) at 15:09
5. Flyers , Tyler Myers 9 (Patrick Kane 37, Claude Giroux 49) at 16:58 (PP)

Penalties :
Travis Hamonic (OTT) for Hooking (Minor) at 11:54, Tom Wilson (OTT) for Slashing (Minor) at 15:29, Brendan Bell (OTT) for Hooking (Minor) at 18:20, Dustin Brown (PHI) for High sticking (Minor) at 19:49

3rd period

6. Senators , Troy Brouwer 11 (Blake Wheeler 46, Nick Holden 26) at 4:36
7. Senators , David Krejci 23 (Nikita Zaytsev 29, Jordan Staal 36) at 5:41
8. Flyers , Dustin Brown 13 (Patrick Kane 38, Tyler Myers 32) at 11:30 (PP)
9. Flyers , Zach Parise 31 (Ryan Nugent-Hopkins 13, Mikael Granlund 27) at 11:39
10. Senators , Jay Beagle 10 (David Krejci 30, Travis Hamonic 30) at 13:32 (PP)

Penalties :
Jakob Chychrun (PHI) for Hooking (Minor) at 7:28, Travis Hamonic (OTT) for Slashing (Minor) at 9:47, Duncan Keith (PHI) for Holding (Minor) at 13:10, Tom Wilson (OTT) for Boarding (Minor) at 19:53

Overtime #1

11. Flyers , Zach Parise 32 (Duncan Keith 29, Jaroslav Halak) at 1:19 (PP)

Penalties :
No Penalty

Goalie Stats

Jaroslav Halak (PHI), 30 saves from 35 shots - (0,857), W, 9-10-1, 61:20 minutes
Jacob Markstrom (OTT), 31 saves from 37 shots - (0,838), OTL, 5-5-2, 61:20 minutes

Players Stats for Flyers

Player Name              G  A  P  +/- PIM S  H  SB GA TA FO     MP     PP MP  PK MP  
------------------------------------------------------------------------------------
Braydon Coburn           0  0  0  -2  0   0  2  1  0  0  0/0    16:54   0:02   1:44 
Claude Giroux            0  1  1  -1  0   4  3  0  0  0  20/39  21:09   5:43   2:24 
Duncan Keith             1  2  3   1  2   2  1  3  0  0  0/0    22:34   5:24   1:44 
Dustin Brown             2  0  2  -1  2   6  4  0  0  0  1/2    20:40   5:23   2:04 
Jakob Chychrun           0  0  0  -1  4   0  3  0  0  0  0/0    12:27   0:02   0:00 
Jakub Kindl              0  1  1   0  0   0  0  0  0  0  0/0     7:33   5:24   0:00 
Jonathan Huberdeau       0  0  0  -1  0   1  1  0  0  0  2/2    20:57   5:58   0:00 
Mikael Granlund          0  1  1   0  0   1  1  1  0  0  0/1    13:48   0:15   0:00 
Nicklas Grossman         0  0  0   1  0   0  2  1  0  0  0/0    18:12   0:00   2:06 
Patrick Kane             0  3  3  -1  0   7  0  0  0  0  1/6    20:33   5:43   1:48 
Petr Prucha              0  0  0   0  0   0  0  0  0  0  0/0     4:05   0:02   0:00 
Ryan Nugent-Hopkins      0  1  1   0  0   0  0  0  0  0  7/20   13:33   0:00   0:00 
Shayne Gostisbehere      0  0  0  -1  0   2  1  1  0  0  0/0    18:57   6:30   0:00 
Ted Purcell              0  0  0  -1  0   1  0  0  0  0  1/1    13:13   0:00   0:00 
Trevor Lewis             0  1  1  -1  0   2  1  0  0  0  7/16   14:56   0:00   0:00 
Tyler Myers              1  1  2  -2  0   3  0  4  0  0  0/0    26:00   6:30   2:06 
Yannick Lehoux           0  0  0   0  0   2  4  0  0  0  6/13   10:14   6:11   0:00 
Zach Parise              2  0  2   0  0   6  0  1  0  0  1/2    23:12   6:32   1:24 

Players Stats for Senators

Player Name              G  A  P  +/- PIM S  H  SB GA TA FO     MP     PP MP  PK MP  
------------------------------------------------------------------------------------
Bjorn Melin              0  0  0  -1  0   0  0  0  0  0  0/0     5:35   0:00   0:00 
Blake Wheeler            0  2  2   2  0   4  1  0  0  0  10/23  24:11   1:15   8:46 
Boone Jenner             0  0  0   1  2   4  2  0  0  0  0/0    16:41   2:35   0:00 
Brendan Bell             0  1  1   1  2   0  1  1  0  0  0/0    16:21   1:25   4:40 
David Krejci             1  2  3   1  0   3  0  0  0  0  18/30  22:34   2:35   4:06 
Dennis Seidenberg        0  0  0   1  0   4  3  2  0  0  0/0    20:47   2:25   7:22 
Frazer McLaren           0  0  0  -1  0   0  1  0  0  0  0/0     5:35   0:00   0:00 
J.T. Miller              0  0  0   0  0   2  0  0  0  0  0/0     8:36   0:00   0:00 
Jay Beagle               1  0  1   0  0   1  1  0  0  0  7/12   19:12   2:35   8:01 
Jordan Staal             1  1  2   1  2   5  3  0  0  0  5/6    16:04   1:15   0:00 
Nick Holden              0  1  1   2  0   0  2  0  0  0  0/0    16:49   0:00   0:21 
Nikita Zaytsev           0  2  2   2  4   1  2  1  0  0  0/0    23:06   2:25   3:32 
Niklas Hjalmarsson       0  0  0  -1  0   0  0  1  0  0  0/0    22:53   0:00   6:07 
Robert Nilsson           0  0  0  -1  0   0  0  0  0  0  5/8     6:15   0:00   0:40 
Tom Wilson               0  0  0   2  4   2  3  0  0  0  9/18   13:25   0:00   0:00 
Travis Hamonic           0  1  1  -1  4   1  6  2  0  0  0/0    22:39   1:25   4:30 
Troy Brouwer             2  0  2   2  0   5  0  0  0  0  2/5    20:07   1:15   3:39 
Valtteri Filppula        0  0  0   0  0   3  0  0  0  0  0/0     8:36   0:00   0:00 

3 Stars

1 - Troy Brouwer (OTT)
2 - Duncan Keith (PHI)
3 - David Krejci (OTT)

Power Play

Flyers - 4 on 8 Attempt(s) - 50,00%
Senators - 1 on 3 Attempt(s) - 33,33%

Penalty Kill

Flyers - 2 on 3 Attempt(s) - 66,67% - Score 0 goal in Penalty Kill
Senators - 4 on 8 Attempt(s) - 50,00% - Score 0 goal in Penalty Kill

Team Stat

Flyers - Hits : 23 - Faceoff Wins : 46 - Blocked Shots : 12 - Penalty Minutes : 8
Senators - Hits : 25 - Faceoff Wins : 56 - Blocked Shots : 7 - Penalty Minutes : 18

Official

Referees : Olivier Gouin and Peter Tarnaris
Linesman : Jordan Browne and Ben Shiley

Game Notes

No Game Note

Finance

Level 1 -- Attendance: 5957 (91,65%) -- Ticket Income 595 700 $
Level 2 -- Attendance: 4861 (88,38%) -- Ticket Income 315 965 $
Level 3 -- Attendance: 2300 (92,00%) -- Ticket Income 80 500 $
Level 4 -- Attendance: 4373 (97,18%) -- Ticket Income 87 460 $
Luxury Box -- Attendance: 1750 (100,00%) -- Ticket Income 385 000 $
Game was played at the Scotiabank Place.
Total Attendance: 19241 (92,73%)
Total Ticket Income: 1 464 625 $
Other Income: 717 666 $
Total Income: 2 182 291 $

Flyers

5 vs 5 Forward 
   Center                   Left Wing                Right Wing               Time % Phy DF OF 
 1 Claude Giroux            Jonathan Huberdeau       Patrick Kane             30     0   2  3  
 2 Ryan Nugent-Hopkins      Zach Parise              Mikael Granlund          30     0   2  3  
 3 Trevor Lewis             Dustin Brown             Ted Purcell              30     0   2  3  
 4 Yannick Lehoux           Jonathan Huberdeau       Petr Prucha              10     1   3  1  

5 vs 5 Defense 
   Defense                  Defense                                           Time % Phy DF OF 
 1 Duncan Keith             Nicklas Grossman                                  35     0   2  3  
 2 Tyler Myers              Braydon Coburn                                    35     0   2  3  
 3 Shayne Gostisbehere      Jakob Chychrun                                    20     0   2  3  
 4 Jakub Kindl              Tyler Myers                                       10     1   3  1  

PowerPlay Forward 
   Center                   Left Wing                Right Wing               Time % Phy DF OF 
 1 Claude Giroux            Dustin Brown             Patrick Kane             50     0   0  5  
 2 Yannick Lehoux           Jonathan Huberdeau       Zach Parise              50     0   0  5  

PowerPlay Defense
   Defense                  Defense                                           Time % Phy DF OF 
 1 Duncan Keith             Jakub Kindl                                       50     0   1  4  
 2 Tyler Myers              Shayne Gostisbehere                               50     0   1  4  

Penalty Kill 4 Players Forward 
   Center                   Wing                     Time % Phy DF OF 
 1 Patrick Kane             Dustin Brown             50     1   3  1  
 2 Claude Giroux            Dustin Brown             50     1   3  1  

Penalty Kill 4 Players Defense
   Defense                  Defense                  Time % Phy DF OF 
 1 Braydon Coburn           Nicklas Grossman         50     1   4  0  
 2 Tyler Myers              Duncan Keith             50     1   4  0  

Penalty Kill - 3 Players Forward 
   Forward                                           Time % Phy DF OF 
 1 Dustin Brown                                      60     1   4  0  
 2 Claude Giroux                                     40     1   4  0  

Penalty Kill - 3 Players Defense
   Defense                  Defense                  Time % Phy DF OF 
 1 Nicklas Grossman         Braydon Coburn           60     1   4  0  
 2 Jakub Kindl              Tyler Myers              40     1   4  0  

4 vs 4 Forward 
   Center                   Wing                     Time % Phy DF OF 
 1 Claude Giroux            Patrick Kane             50     0   2  3  
 2 Trevor Lewis             Zach Parise              50     0   2  3  

4 vs 4 Defense
   Defense                  Defense                  Time % Phy DF OF 
 1 Duncan Keith             Braydon Coburn           50     1   2  2  
 2 Nicklas Grossman         Tyler Myers              50     1   2  2  

Last Minutes Offensive
   Center                   Left Wing                Right Wing               Defense                  Defense                  
   Claude Giroux            Zach Parise              Patrick Kane             Braydon Coburn           Nicklas Grossman         

Last Minutes Defensive
   Center                   Left Wing                Right Wing               Defense                  Defense                  
   Claude Giroux            Zach Parise              Patrick Kane             Braydon Coburn           Duncan Keith             

Goaltenders
Starting : Jaroslav Halak           
Backup : Anders Lindback          

Extra Forwards
Normal : Yannick Lehoux, Claude Giroux, Patrick Kane - PP : Patrick Kane, Yannick Lehoux - PK : Claude Giroux
Extra Defensemen
Normal : Nicklas Grossman, Braydon Coburn, Tyler Myers - PP : Tyler Myers - PK : Nicklas Grossman, Tyler Myers
Penalty Shots
Jakub Kindl, Claude Giroux, Patrick Kane, Zach Parise, Dustin Brown
Custom OT Lines Forwards
Claude Giroux, Zach Parise, Patrick Kane, Petr Prucha, Mikael Granlund, Yannick Lehoux, Jonathan Huberdeau, Dustin Brown, Ted Purcell, Trevor Lewis
Custom OT Lines Defensemen
Duncan Keith, Tyler Myers, Braydon Coburn, Shayne Gostisbehere, Nicklas Grossman

Scratches
Jim Sharrow (Head Injury)

Senators

5 vs 5 Forward 
   Center                   Left Wing                Right Wing               Time % Phy DF OF 
 1 David Krejci             Boone Jenner             Jordan Staal             38     0   1  4  
 2 Tom Wilson               Troy Brouwer             Blake Wheeler            36     0   1  4  
 3 Jay Beagle               Valtteri Filppula        J.T. Miller              24     1   2  2  
 4 Robert Nilsson           Frazer McLaren           Bjorn Melin              2      1   3  1  

5 vs 5 Defense 
   Defense                  Defense                                           Time % Phy DF OF 
 1 Nikita Zaytsev           Nick Holden                                       37     0   2  3  
 2 Travis Hamonic           Niklas Hjalmarsson                                32     0   2  3  
 3 Dennis Seidenberg        Brendan Bell                                      26     1   2  2  
 4 Dennis Seidenberg        Brendan Bell                                      5      1   3  1  

PowerPlay Forward 
   Center                   Left Wing                Right Wing               Time % Phy DF OF 
 1 David Krejci             Boone Jenner             Jay Beagle               52     0   0  5  
 2 Jordan Staal             Troy Brouwer             Blake Wheeler            48     0   0  5  

PowerPlay Defense
   Defense                  Defense                                           Time % Phy DF OF 
 1 Dennis Seidenberg        Nikita Zaytsev                                    55     0   0  5  
 2 Travis Hamonic           Brendan Bell                                      45     0   0  5  

Penalty Kill 4 Players Forward 
   Center                   Wing                     Time % Phy DF OF 
 1 Blake Wheeler            Jay Beagle               60     1   3  1  
 2 David Krejci             Troy Brouwer             40     1   3  1  

Penalty Kill 4 Players Defense
   Defense                  Defense                  Time % Phy DF OF 
 1 Dennis Seidenberg        Nikita Zaytsev           60     1   4  0  
 2 Travis Hamonic           Niklas Hjalmarsson       40     1   4  0  

Penalty Kill - 3 Players Forward 
   Forward                                           Time % Phy DF OF 
 1 David Krejci                                      50     1   3  1  
 2 Blake Wheeler                                     50     1   3  1  

Penalty Kill - 3 Players Defense
   Defense                  Defense                  Time % Phy DF OF 
 1 Dennis Seidenberg        Brendan Bell             55     1   3  1  
 2 Travis Hamonic           Niklas Hjalmarsson       45     1   3  1  

4 vs 4 Forward 
   Center                   Wing                     Time % Phy DF OF 
 1 David Krejci             Troy Brouwer             60     0   1  4  
 2 Boone Jenner             Blake Wheeler            40     0   2  3  

4 vs 4 Defense
   Defense                  Defense                  Time % Phy DF OF 
 1 Niklas Hjalmarsson       Travis Hamonic           55     1   2  2  
 2 Nikita Zaytsev           Dennis Seidenberg        45     1   2  2  

Last Minutes Offensive
   Center                   Left Wing                Right Wing               Defense                  Defense                  
   David Krejci             Boone Jenner             Blake Wheeler            Nick Holden              Travis Hamonic           

Last Minutes Defensive
   Center                   Left Wing                Right Wing               Defense                  Defense                  
   Jay Beagle               Troy Brouwer             Jordan Staal             Dennis Seidenberg        Nick Holden              

Goaltenders
Starting : Jacob Markstrom          
Backup : Marek Schwarz            

Extra Forwards
Normal : David Krejci, Blake Wheeler, Troy Brouwer - PP : David Krejci, Blake Wheeler - PK : Jay Beagle
Extra Defensemen
Normal : Travis Hamonic, Nikita Zaytsev, Niklas Hjalmarsson - PP : Travis Hamonic - PK : Dennis Seidenberg, Travis Hamonic
Penalty Shots
David Krejci, Jay Beagle, Troy Brouwer, Brendan Bell, Blake Wheeler
Custom OT Lines Forwards
David Krejci, Blake Wheeler, Jordan Staal, Tom Wilson, Boone Jenner, Troy Brouwer, Valtteri Filppula, J.T. Miller, Jay Beagle, Frazer McLaren
Custom OT Lines Defensemen
Dennis Seidenberg, Nikita Zaytsev, Travis Hamonic, Niklas Hjalmarsson, Brendan Bell

Scratches
Jarret Stoll (Exhaustion), Marc-Andre Fleury (Exhaustion)

% Time on Ice - Flyers

Lines # - Real PCT - Wanted PCT - Time Play
Normal Forward
1 - 26% - 30% - 10:56
2 - 32% - 30% - 13:33
3 - 32% - 30% - 13:13
4 - 10% - 10% - 4:03
Normal Defense
1 - 34% - 35% - 14:00
2 - 31% - 35% - 13:09
3 - 30% - 20% - 12:27
4 - 5% - 10% - 2:09
PP Forward
1 - 48% - 50% - 5:45
2 - 52% - 50% - 6:11
PP Defense
1 - 45% - 50% - 5:24
2 - 55% - 50% - 6:32
PK Forward
1 - 47% - 50% - 1:48
2 - 53% - 50% - 2:02
PK Defense
1 - 45% - 50% - 1:44
2 - 55% - 50% - 2:06
PK3 Forward
1 - 0% - 60%
2 - 0% - 40%
PK3 Defense
1 - 0% - 60%
2 - 0% - 40%
44 Forward
1 - 55% - 50% - 2:06
2 - 45% - 50% - 1:43
44 Defense
1 - 45% - 50% - 1:43
2 - 55% - 50% - 2:06
Last Minute Offensive  - 0:00
Last Minute Defensive  - 0:00
Total
Forward - 61:20
Defense - 61:20

% Time on Ice - Senators

Lines # - Real PCT - Wanted PCT - Time Play
Normal Forward
1 - 34% - 38% - 14:07
2 - 32% - 36% - 13:27
3 - 21% - 24% - 8:36
4 - 13% - 2% - 5:35
Normal Defense
1 - 39% - 37% - 16:28
2 - 36% - 32% - 15:00
3 - 24% - 26% - 9:53
4 - 1% - 5% - 0:24
PP Forward
1 - 67% - 52% - 2:35
2 - 33% - 48% - 1:15
PP Defense
1 - 63% - 55% - 2:25
2 - 37% - 45% - 1:25
PK Forward
1 - 69% - 60% - 8:17
2 - 31% - 40% - 3:39
PK Defense
1 - 52% - 60% - 6:14
2 - 48% - 40% - 5:42
PK3 Forward
1 - 49% - 50% - 0:39
2 - 51% - 50% - 0:41
PK3 Defense
1 - 49% - 55% - 0:39
2 - 51% - 45% - 0:41
44 Forward
1 - 71% - 60% - 1:46
2 - 29% - 40% - 0:43
44 Defense
1 - 71% - 55% - 1:46
2 - 29% - 45% - 0:43
Last Minute Offensive  - 0:00
Last Minute Defensive  - 0:00
Total
Forward - 61:20
Defense - 61:20

Play by Play

1st period


0:01 of 1st period - David Krejci wins face-off versus Claude Giroux in neutral zone.
0:27 of 1st period - Minor Penalty to Nikita Zaytsev for Boarding.
0:28 of 1st period - Yannick Lehoux wins face-off versus Blake Wheeler in Senators zone.
0:40 of 1st period - Shot by Yannick Lehoux.
0:40 of 1st period - Shot Misses the Net.
1:30 of 1st period - Claude Giroux is hit by Blake Wheeler and loses puck.
2:58 of 1st period - Braydon Coburn is hit by Nick Holden and loses puck.
3:06 of 1st period - Minor Penalty to Jordan Staal for Tripping.
3:07 of 1st period - Yannick Lehoux wins face-off versus David Krejci in Senators zone.
3:31 of 1st period - Off-side.
3:32 of 1st period - Claude Giroux wins face-off versus Robert Nilsson in neutral zone.
3:50 of 1st period - Shot by Claude Giroux.
3:50 of 1st period - Stopped by Jacob Markstrom without a rebound.
3:51 of 1st period - Claude Giroux wins face-off versus Blake Wheeler in Senators zone.
3:51 of 1st period - Claude Giroux is hit by Dennis Seidenberg.
3:53 of 1st period - Shot by Duncan Keith.
3:53 of 1st period - Shot Blocked by Dennis Seidenberg.
3:55 of 1st period - Shot by Claude Giroux.
3:55 of 1st period - Stopped by Jacob Markstrom without a rebound.
3:56 of 1st period - Blake Wheeler wins face-off versus Claude Giroux in Senators zone.
4:02 of 1st period - Icing by Patrick Kane.
4:03 of 1st period - Claude Giroux wins face-off versus Blake Wheeler in Flyers zone.
4:16 of 1st period - Shot by Jakub Kindl.
4:16 of 1st period - Shot Blocked by Dennis Seidenberg.
4:18 of 1st period - Shot by Duncan Keith.
4:18 of 1st period - Goal by Duncan Keith - Flyers : 1 - Senators : 0.
4:19 of 1st period - David Krejci wins face-off versus Ryan Nugent-Hopkins in neutral zone.
4:30 of 1st period - Jordan Staal is hit by Jakob Chychrun and loses puck.
4:39 of 1st period - Shot by David Krejci.
4:39 of 1st period - Stopped by Jaroslav Halak without a rebound.
4:40 of 1st period - Tom Wilson wins face-off versus Claude Giroux in Flyers zone.
4:45 of 1st period - Shot by Blake Wheeler.
4:45 of 1st period - Stopped by Jaroslav Halak without a rebound.
4:46 of 1st period - Zach Parise wins face-off versus Tom Wilson in Flyers zone.
4:56 of 1st period - Mikael Granlund is hit by Travis Hamonic and loses puck.
5:28 of 1st period - Ryan Nugent-Hopkins is hit by Travis Hamonic and loses puck.
5:40 of 1st period - Icing by Tom Wilson.
5:41 of 1st period - Troy Brouwer wins face-off versus Claude Giroux in Senators zone.
5:54 of 1st period - Icing by Claude Giroux.
5:55 of 1st period - Jay Beagle wins face-off versus Claude Giroux in Flyers zone.
5:55 of 1st period - Jay Beagle is hit by Braydon Coburn.
6:19 of 1st period - Shot by Valtteri Filppula.
6:19 of 1st period - Stopped by Jaroslav Halak without a rebound.
6:20 of 1st period - Trevor Lewis wins face-off versus David Krejci in Flyers zone.
6:38 of 1st period - Shot by Jordan Staal.
6:38 of 1st period - Shot Misses the Net.
6:40 of 1st period - Shot by Jordan Staal.
6:40 of 1st period - Goal by Jordan Staal - Flyers : 1 - Senators : 1.
6:41 of 1st period - Jay Beagle wins face-off versus Ryan Nugent-Hopkins in neutral zone.
6:55 of 1st period - Mikael Granlund is hit by Jay Beagle and loses puck.
7:12 of 1st period - Shot by Valtteri Filppula.
7:12 of 1st period - Shot Blocked by Braydon Coburn.
7:14 of 1st period - Shot by Dennis Seidenberg.
7:14 of 1st period - Stopped by Jaroslav Halak without a rebound.
7:15 of 1st period - Blake Wheeler wins face-off versus Trevor Lewis in Flyers zone.
7:20 of 1st period - Shot by Blake Wheeler.
7:20 of 1st period - Stopped by Jaroslav Halak without a rebound.
7:21 of 1st period - Tom Wilson wins face-off versus Trevor Lewis in Flyers zone.
7:21 of 1st period - Blake Wheeler is hit by Nicklas Grossman and loses puck.
7:32 of 1st period - Shot by Nikita Zaytsev.
7:32 of 1st period - Shot Blocked by Nicklas Grossman.
8:39 of 1st period - Off-side.
8:40 of 1st period - Claude Giroux wins face-off versus Jay Beagle in neutral zone.
9:05 of 1st period - Shot by Valtteri Filppula.
9:05 of 1st period - Shot Misses the Net.
9:07 of 1st period - Shot by Dennis Seidenberg.
9:07 of 1st period - Stopped by Jaroslav Halak without a rebound.
9:08 of 1st period - David Krejci wins face-off versus Ryan Nugent-Hopkins in Flyers zone.
9:12 of 1st period - Jordan Staal is hit by Braydon Coburn and loses puck.
9:28 of 1st period - Mikael Granlund is hit by Travis Hamonic and loses puck.
9:35 of 1st period - Shot by Zach Parise.
9:35 of 1st period - Stopped by Jacob Markstrom without a rebound.
9:36 of 1st period - Tom Wilson wins face-off versus Claude Giroux in Senators zone.
9:36 of 1st period - Tom Wilson is hit by Claude Giroux.
9:55 of 1st period - Blake Wheeler is hit by Shayne Gostisbehere and loses puck.
10:01 of 1st period - Icing by Jakob Chychrun.
10:02 of 1st period - Jonathan Huberdeau wins face-off versus David Krejci in Flyers zone.
10:34 of 1st period - Minor Penalty to Boone Jenner for Tripping.
10:34 of 1st period - Minor Penalty to Jakob Chychrun for Cross-checking.
10:35 of 1st period - David Krejci wins face-off versus Trevor Lewis in Flyers zone.
10:46 of 1st period - Shot by Zach Parise.
10:46 of 1st period - Shot Misses the Net.
11:42 of 1st period - Shot by Patrick Kane.
11:42 of 1st period - Deflect By Claude Giroux.
11:42 of 1st period - Shot Misses the Net.
11:50 of 1st period - Shot by Claude Giroux.
11:50 of 1st period - Deflect By Patrick Kane.
11:50 of 1st period - Stopped by Jacob Markstrom without a rebound.
11:51 of 1st period - Jordan Staal wins face-off versus Claude Giroux in Senators zone.
12:04 of 1st period - Shot by Nikita Zaytsev.
12:04 of 1st period - Stopped by Jaroslav Halak without a rebound.
12:05 of 1st period - Jordan Staal wins face-off versus Trevor Lewis in Flyers zone.
12:12 of 1st period - Shot by Blake Wheeler.
12:12 of 1st period - Stopped by Jaroslav Halak with a rebound.
12:52 of 1st period - Nick Holden is hit by Jonathan Huberdeau.
12:57 of 1st period - Off-side.
12:58 of 1st period - Ryan Nugent-Hopkins wins face-off versus Robert Nilsson in neutral zone.
14:35 of 1st period - Shot by Tom Wilson.
14:35 of 1st period - Stopped by Jaroslav Halak with a rebound.
14:48 of 1st period - Duncan Keith is hit by Nikita Zaytsev and loses puck.
14:59 of 1st period - Jakob Chychrun is hit by Jordan Staal.
15:03 of 1st period - Minor Penalty to Nikita Zaytsev for Holding.
15:04 of 1st period - Claude Giroux wins face-off versus Blake Wheeler in Senators zone.
15:52 of 1st period - Icing by Jonathan Huberdeau.
15:53 of 1st period - Yannick Lehoux wins face-off versus Blake Wheeler in Flyers zone.
16:04 of 1st period - Shot by Jakub Kindl.
16:04 of 1st period - Shot Blocked by Travis Hamonic.
16:06 of 1st period - Shot by Yannick Lehoux.
16:06 of 1st period - Stopped by Jacob Markstrom with a rebound.
16:08 of 1st period - Shot by Yannick Lehoux.
16:08 of 1st period - Stopped by Jacob Markstrom without a rebound.
16:09 of 1st period - Claude Giroux wins face-off versus Blake Wheeler in Senators zone.
16:12 of 1st period - Shot by Dustin Brown.
16:12 of 1st period - Stopped by Jacob Markstrom without a rebound.
16:13 of 1st period - Blake Wheeler wins face-off versus Yannick Lehoux in Senators zone.
16:22 of 1st period - Shot by Jonathan Huberdeau.
16:22 of 1st period - Shot Misses the Net.
17:11 of 1st period - Shot by Dustin Brown.
17:11 of 1st period - Stopped by Jacob Markstrom without a rebound.
17:12 of 1st period - Trevor Lewis wins face-off versus David Krejci in Senators zone.
17:25 of 1st period - Shot by Trevor Lewis.
17:25 of 1st period - Shot Misses the Net.
17:27 of 1st period - Shot by Nicklas Grossman.
17:27 of 1st period - Shot Misses the Net.
17:42 of 1st period - Jordan Staal is hit by Duncan Keith and loses puck.
18:05 of 1st period - David Krejci is hit by Jakob Chychrun and loses puck.
18:30 of 1st period - Icing by Shayne Gostisbehere.
18:31 of 1st period - Claude Giroux wins face-off versus Troy Brouwer in Flyers zone.
18:58 of 1st period - Shot by Troy Brouwer.
18:58 of 1st period - Stopped by Jaroslav Halak with a rebound.
19:40 of 1st period - Icing by Braydon Coburn.
19:41 of 1st period - Jay Beagle wins face-off versus Ryan Nugent-Hopkins in Flyers zone.
Goals for this period are 1 for Flyers vs 1 for Senators.
Shots for this period are 9 for Flyers vs 11 for Senators.

2nd period


0:01 of 2nd period - Claude Giroux wins face-off versus Troy Brouwer in neutral zone.
0:12 of 2nd period - Shot by Patrick Kane.
0:12 of 2nd period - Shot Hit the Post.
1:01 of 2nd period - Nick Holden is hit by Claude Giroux and loses puck.
1:30 of 2nd period - Shot by David Krejci.
1:30 of 2nd period - Shot Misses the Net.
1:32 of 2nd period - Shot by Boone Jenner.
1:32 of 2nd period - Shot Misses the Net.
2:25 of 2nd period - Shot by Ryan Nugent-Hopkins.
2:25 of 2nd period - Shot Misses the Net.
2:46 of 2nd period - Icing by Jay Beagle.
2:47 of 2nd period - Jay Beagle wins face-off versus Yannick Lehoux in Senators zone.
3:06 of 2nd period - Jay Beagle is hit by Yannick Lehoux and loses puck.
4:15 of 2nd period - Shot by Trevor Lewis.
4:15 of 2nd period - Stopped by Jacob Markstrom with a rebound.
4:17 of 2nd period - Shot by Dustin Brown.
4:17 of 2nd period - Goal by Dustin Brown - Flyers : 2 - Senators : 1.
4:18 of 2nd period - Ryan Nugent-Hopkins wins face-off versus Tom Wilson in neutral zone.
4:23 of 2nd period - Shot by Ryan Nugent-Hopkins.
4:23 of 2nd period - Shot Hit the Post.
4:31 of 2nd period - Shot by Mikael Granlund.
4:31 of 2nd period - Shot Hit the Post.
5:21 of 2nd period - Shot by Trevor Lewis.
5:21 of 2nd period - Shot Blocked by Travis Hamonic.
5:24 of 2nd period - Icing by Travis Hamonic.
5:25 of 2nd period - Robert Nilsson wins face-off versus Trevor Lewis in Senators zone.
6:34 of 2nd period - David Krejci is hit by Claude Giroux and loses puck.
6:56 of 2nd period - Claude Giroux is hit by Dennis Seidenberg and loses puck.
7:10 of 2nd period - Off-side.
7:11 of 2nd period - Tom Wilson wins face-off versus Zach Parise in neutral zone.
7:17 of 2nd period - Blake Wheeler is hit by Jakob Chychrun and loses puck.
7:23 of 2nd period - Shot by Tom Wilson.
7:23 of 2nd period - Shot Blocked by Mikael Granlund.
7:25 of 2nd period - Shot by Troy Brouwer.
7:25 of 2nd period - Stopped by Jaroslav Halak without a rebound.
7:26 of 2nd period - Jay Beagle wins face-off versus Trevor Lewis in Flyers zone.
7:31 of 2nd period - Shot by Jay Beagle.
7:31 of 2nd period - Shot Blocked by Tyler Myers.
8:01 of 2nd period - Shot by J.T. Miller.
8:01 of 2nd period - Stopped by Jaroslav Halak without a rebound.
8:02 of 2nd period - Ryan Nugent-Hopkins wins face-off versus Tom Wilson in Flyers zone.
8:09 of 2nd period - Troy Brouwer is hit by Mikael Granlund and loses puck.
8:27 of 2nd period - Icing by Zach Parise.
8:28 of 2nd period - David Krejci wins face-off versus Ryan Nugent-Hopkins in Flyers zone.
8:33 of 2nd period - Shot by Boone Jenner.
8:33 of 2nd period - Shot Misses the Net.
8:46 of 2nd period - Zach Parise is hit by Brendan Bell and loses puck.
8:49 of 2nd period - Shot by Jakob Chychrun.
8:49 of 2nd period - Shot Blocked by Brendan Bell.
8:51 of 2nd period - Shot by Shayne Gostisbehere.
8:51 of 2nd period - Stopped by Jacob Markstrom without a rebound.
8:52 of 2nd period - Claude Giroux wins face-off versus Tom Wilson in Senators zone.
9:33 of 2nd period - Shot by Troy Brouwer.
9:33 of 2nd period - Stopped by Jaroslav Halak without a rebound.
9:34 of 2nd period - Trevor Lewis wins face-off versus David Krejci in Flyers zone.
10:03 of 2nd period - Shot by Jordan Staal.
10:03 of 2nd period - Stopped by Jaroslav Halak without a rebound.
10:04 of 2nd period - Jay Beagle wins face-off versus Ryan Nugent-Hopkins in Flyers zone.
10:17 of 2nd period - Shot by Dennis Seidenberg.
10:17 of 2nd period - Shot Misses the Net.
10:29 of 2nd period - Shot by J.T. Miller.
10:29 of 2nd period - Shot Misses the Net.
10:35 of 2nd period - Shot by Valtteri Filppula.
10:35 of 2nd period - Stopped by Jaroslav Halak with a rebound.
10:43 of 2nd period - Shot by J.T. Miller.
10:43 of 2nd period - Stopped by Jaroslav Halak without a rebound.
10:44 of 2nd period - Tom Wilson wins face-off versus Claude Giroux in Flyers zone.
10:45 of 2nd period - Shot by Blake Wheeler.
10:45 of 2nd period - Shot Misses the Net.
10:47 of 2nd period - Shot by Nikita Zaytsev.
10:47 of 2nd period - Shot Blocked by Tyler Myers.
11:27 of 2nd period - Shot by Blake Wheeler.
11:27 of 2nd period - Stopped by Jaroslav Halak without a rebound.
11:28 of 2nd period - Trevor Lewis wins face-off versus David Krejci in Flyers zone.
11:28 of 2nd period - Trevor Lewis is hit by Boone Jenner.
11:34 of 2nd period - David Krejci is hit by Trevor Lewis and loses puck.
11:40 of 2nd period - Niklas Hjalmarsson is hit by Nicklas Grossman and loses puck.
11:45 of 2nd period - Shot by Jordan Staal.
11:45 of 2nd period - Shot Misses the Net.
11:54 of 2nd period - Minor Penalty to Travis Hamonic for Hooking.
11:55 of 2nd period - Yannick Lehoux wins face-off versus Blake Wheeler in Senators zone.
11:58 of 2nd period - Shot by Jonathan Huberdeau.
11:58 of 2nd period - Deflect By Zach Parise.
11:58 of 2nd period - Shot Misses the Net.
12:10 of 2nd period - Jay Beagle is hit by Yannick Lehoux and loses puck.
12:47 of 2nd period - Shot by David Krejci.
12:47 of 2nd period - Shot Blocked by Shayne Gostisbehere.
14:09 of 2nd period - Shot by Mikael Granlund.
14:09 of 2nd period - Stopped by Jacob Markstrom without a rebound.
14:10 of 2nd period - Trevor Lewis wins face-off versus Jay Beagle in Senators zone.
14:24 of 2nd period - Ted Purcell is hit by Nick Holden and loses puck.
14:37 of 2nd period - Shot by J.T. Miller.
14:37 of 2nd period - Shot Misses the Net.
15:07 of 2nd period - Shot by Blake Wheeler.
15:07 of 2nd period - Shot Blocked by Duncan Keith.
15:09 of 2nd period - Shot by Troy Brouwer.
15:09 of 2nd period - Goal by Troy Brouwer - Flyers : 2 - Senators : 2.
15:10 of 2nd period - David Krejci wins face-off versus Claude Giroux in neutral zone.
15:26 of 2nd period - Shot by Boone Jenner.
15:26 of 2nd period - Stopped by Jaroslav Halak without a rebound.
15:27 of 2nd period - Ryan Nugent-Hopkins wins face-off versus Tom Wilson in Flyers zone.
15:27 of 2nd period - Mikael Granlund is hit by Tom Wilson and loses puck.
15:29 of 2nd period - Minor Penalty to Tom Wilson for Slashing.
15:30 of 2nd period - Blake Wheeler wins face-off versus Yannick Lehoux in Senators zone.
15:47 of 2nd period - Shot by Shayne Gostisbehere.
15:47 of 2nd period - Shot Misses the Net.
15:49 of 2nd period - Shot by Tyler Myers.
15:49 of 2nd period - Stopped by Jacob Markstrom without a rebound.
15:50 of 2nd period - Claude Giroux wins face-off versus Jay Beagle in Senators zone.
15:51 of 2nd period - Shot by Shayne Gostisbehere.
15:51 of 2nd period - Stopped by Jacob Markstrom with a rebound.
16:06 of 2nd period - Off-side.
16:07 of 2nd period - Yannick Lehoux wins face-off versus Blake Wheeler in neutral zone.
16:29 of 2nd period - Shot by Duncan Keith.
16:29 of 2nd period - Stopped by Jacob Markstrom without a rebound.
16:30 of 2nd period - Blake Wheeler wins face-off versus Claude Giroux in Senators zone.
16:30 of 2nd period - Blake Wheeler is hit by Dustin Brown.
16:56 of 2nd period - Shot by Patrick Kane.
16:56 of 2nd period - Shot Blocked by Nikita Zaytsev.
16:58 of 2nd period - Shot by Tyler Myers.
16:58 of 2nd period - Goal by Tyler Myers - Flyers : 3 - Senators : 2.
16:59 of 2nd period - Ryan Nugent-Hopkins wins face-off versus David Krejci in neutral zone.
17:10 of 2nd period - Shot by Zach Parise.
17:10 of 2nd period - Stopped by Jacob Markstrom without a rebound.
17:11 of 2nd period - Robert Nilsson wins face-off versus Yannick Lehoux in Senators zone.
17:11 of 2nd period - Robert Nilsson is hit by Yannick Lehoux.
18:13 of 2nd period - Shot by Boone Jenner.
18:13 of 2nd period - Stopped by Jaroslav Halak without a rebound.
18:14 of 2nd period - Ryan Nugent-Hopkins wins face-off versus Tom Wilson in Flyers zone.
18:20 of 2nd period - Minor Penalty to Brendan Bell for Hooking.
18:21 of 2nd period - Claude Giroux wins face-off versus Blake Wheeler in Senators zone.
18:22 of 2nd period - Shot by Patrick Kane.
18:22 of 2nd period - Stopped by Jacob Markstrom without a rebound.
18:23 of 2nd period - Claude Giroux wins face-off versus Blake Wheeler in Senators zone.
18:25 of 2nd period - Patrick Kane is hit by Travis Hamonic.
18:29 of 2nd period - Shot by Patrick Kane.
18:29 of 2nd period - Stopped by Jacob Markstrom without a rebound.
18:30 of 2nd period - Blake Wheeler wins face-off versus Claude Giroux in Senators zone.
18:56 of 2nd period - Shot by Claude Giroux.
18:56 of 2nd period - Stopped by Jacob Markstrom with a rebound.
18:58 of 2nd period - Shot by Patrick Kane.
18:58 of 2nd period - Stopped by Jacob Markstrom without a rebound.
18:59 of 2nd period - Blake Wheeler wins face-off versus Yannick Lehoux in Senators zone.
19:29 of 2nd period - Shot by Zach Parise.
19:29 of 2nd period - Deflect By Jonathan Huberdeau.
19:29 of 2nd period - Stopped by Jacob Markstrom without a rebound.
19:30 of 2nd period - Troy Brouwer wins face-off versus Patrick Kane in Senators zone.
19:39 of 2nd period - Shot by Jakub Kindl.
19:39 of 2nd period - Shot Misses the Net.
19:41 of 2nd period - Shot by Dustin Brown.
19:41 of 2nd period - Stopped by Jacob Markstrom without a rebound.
19:42 of 2nd period - Claude Giroux wins face-off versus Blake Wheeler in Senators zone.
19:47 of 2nd period - Shot by Patrick Kane.
19:47 of 2nd period - Stopped by Jacob Markstrom without a rebound.
19:48 of 2nd period - Blake Wheeler wins face-off versus Patrick Kane in Senators zone.
19:48 of 2nd period - Dennis Seidenberg is hit by Dustin Brown.
19:49 of 2nd period - Minor Penalty to Dustin Brown for High sticking.
19:50 of 2nd period - Claude Giroux wins face-off versus Troy Brouwer in Flyers zone.
Goals for this period are 2 for Flyers vs 1 for Senators.
Shots for this period are 16 for Flyers vs 10 for Senators.

3rd period


0:01 of 3rd period - Claude Giroux wins face-off versus David Krejci in neutral zone.
0:33 of 3rd period - Shot by Dennis Seidenberg.
0:33 of 3rd period - Stopped by Jaroslav Halak without a rebound.
0:34 of 3rd period - Jordan Staal wins face-off versus Patrick Kane in Flyers zone.
0:35 of 3rd period - Shot by Troy Brouwer.
0:35 of 3rd period - Shot Misses the Net.
1:09 of 3rd period - Shot by Travis Hamonic.
1:09 of 3rd period - Stopped by Jaroslav Halak without a rebound.
1:10 of 3rd period - David Krejci wins face-off versus Patrick Kane in Flyers zone.
1:33 of 3rd period - Duncan Keith is hit by Boone Jenner.
2:48 of 3rd period - Jakob Chychrun is hit by Tom Wilson.
2:59 of 3rd period - Nikita Zaytsev is hit by Yannick Lehoux and loses puck.
3:09 of 3rd period - Icing by Nicklas Grossman.
3:10 of 3rd period - Yannick Lehoux wins face-off versus David Krejci in Flyers zone.
3:23 of 3rd period - Shot by David Krejci.
3:23 of 3rd period - Shot Blocked by Duncan Keith.
3:25 of 3rd period - Shot by Jordan Staal.
3:25 of 3rd period - Shot Misses the Net.
3:54 of 3rd period - Shot by Jordan Staal.
3:54 of 3rd period - Shot Hit the Post.
4:16 of 3rd period - Shot by Valtteri Filppula.
4:16 of 3rd period - Stopped by Jaroslav Halak without a rebound.
4:17 of 3rd period - Tom Wilson wins face-off versus Ryan Nugent-Hopkins in Flyers zone.
4:28 of 3rd period - Shot by Blake Wheeler.
4:28 of 3rd period - Shot Misses the Net.
4:36 of 3rd period - Shot by Troy Brouwer.
4:36 of 3rd period - Goal by Troy Brouwer - Flyers : 3 - Senators : 3.
4:37 of 3rd period - Ted Purcell wins face-off versus Jay Beagle in neutral zone.
5:27 of 3rd period - Off-side.
5:28 of 3rd period - David Krejci wins face-off versus Ryan Nugent-Hopkins in neutral zone.
5:31 of 3rd period - Shot by Jordan Staal.
5:31 of 3rd period - Shot Blocked by Tyler Myers.
5:33 of 3rd period - Shot by Boone Jenner.
5:33 of 3rd period - Stopped by Jaroslav Halak without a rebound.
5:34 of 3rd period - David Krejci wins face-off versus Claude Giroux in Flyers zone.
5:41 of 3rd period - Shot by David Krejci.
5:41 of 3rd period - Goal by David Krejci - Flyers : 3 - Senators : 4.
5:42 of 3rd period - David Krejci wins face-off versus Claude Giroux in neutral zone.
5:46 of 3rd period - Icing by Tyler Myers.
5:47 of 3rd period - Claude Giroux wins face-off versus Tom Wilson in Flyers zone.
5:47 of 3rd period - Claude Giroux is hit by Tom Wilson.
5:55 of 3rd period - Shot by Jonathan Huberdeau.
5:55 of 3rd period - Shot Misses the Net.
6:06 of 3rd period - Claude Giroux is hit by Nikita Zaytsev and loses puck.
6:50 of 3rd period - Icing by Travis Hamonic.
6:51 of 3rd period - David Krejci wins face-off versus Ryan Nugent-Hopkins in Senators zone.
7:18 of 3rd period - Icing by Niklas Hjalmarsson.
7:19 of 3rd period - David Krejci wins face-off versus Trevor Lewis in Senators zone.
7:28 of 3rd period - Minor Penalty to Jakob Chychrun for Hooking.
7:29 of 3rd period - Jordan Staal wins face-off versus Claude Giroux in Flyers zone.
7:30 of 3rd period - Shot by Dennis Seidenberg.
7:30 of 3rd period - Shot Misses the Net.
7:32 of 3rd period - Shot by Troy Brouwer.
7:32 of 3rd period - Deflect By Jordan Staal.
7:32 of 3rd period - Stopped by Jaroslav Halak without a rebound.
7:33 of 3rd period - Patrick Kane wins face-off versus Jordan Staal in Flyers zone.
7:40 of 3rd period - Shot by Dustin Brown.
7:40 of 3rd period - Stopped by Jacob Markstrom without a rebound.
7:41 of 3rd period - David Krejci wins face-off versus Claude Giroux in Senators zone.
7:58 of 3rd period - Shot by Dennis Seidenberg.
7:58 of 3rd period - Stopped by Jaroslav Halak without a rebound.
7:59 of 3rd period - Jordan Staal wins face-off versus Dustin Brown in Flyers zone.
8:10 of 3rd period - Shot by Jordan Staal.
8:10 of 3rd period - Stopped by Jaroslav Halak without a rebound.
8:11 of 3rd period - Claude Giroux wins face-off versus David Krejci in Flyers zone.
8:17 of 3rd period - Icing by Dennis Seidenberg.
8:18 of 3rd period - David Krejci wins face-off versus Patrick Kane in Senators zone.
8:18 of 3rd period - Nikita Zaytsev is hit by Dustin Brown and loses puck.
9:47 of 3rd period - Minor Penalty to Travis Hamonic for Slashing.
9:48 of 3rd period - Blake Wheeler wins face-off versus Yannick Lehoux in Senators zone.
9:57 of 3rd period - Shot by Duncan Keith.
9:57 of 3rd period - Shot Misses the Net.
9:59 of 3rd period - Shot by Zach Parise.
9:59 of 3rd period - Stopped by Jacob Markstrom without a rebound.
10:00 of 3rd period - Claude Giroux wins face-off versus Blake Wheeler in Senators zone.
10:03 of 3rd period - Shot by Patrick Kane.
10:03 of 3rd period - Stopped by Jacob Markstrom without a rebound.
10:04 of 3rd period - Blake Wheeler wins face-off versus Yannick Lehoux in Senators zone.
10:41 of 3rd period - Shot by Jakub Kindl.
10:41 of 3rd period - Shot Blocked by Niklas Hjalmarsson.
10:43 of 3rd period - Shot by Zach Parise.
10:43 of 3rd period - Shot Misses the Net.
11:21 of 3rd period - Troy Brouwer is hit by Dustin Brown and loses puck.
11:30 of 3rd period - Shot by Dustin Brown.
11:30 of 3rd period - Goal by Dustin Brown - Flyers : 4 - Senators : 4.
11:31 of 3rd period - Ryan Nugent-Hopkins wins face-off versus Robert Nilsson in neutral zone.
11:31 of 3rd period - Ryan Nugent-Hopkins is hit by Frazer McLaren.
11:37 of 3rd period - Shot by Mikael Granlund.
11:37 of 3rd period - Shot Misses the Net.
11:39 of 3rd period - Shot by Ryan Nugent-Hopkins.
11:39 of 3rd period - Deflect By Zach Parise.
11:39 of 3rd period - Goal by Zach Parise - Flyers : 5 - Senators : 4.
11:40 of 3rd period - Robert Nilsson wins face-off versus Mikael Granlund in neutral zone.
11:49 of 3rd period - Shot by Travis Hamonic.
11:49 of 3rd period - Shot Blocked by Duncan Keith.
12:06 of 3rd period - Mikael Granlund is hit by Travis Hamonic and loses puck.
12:14 of 3rd period - Mikael Granlund is hit by Travis Hamonic and loses puck.
12:17 of 3rd period - Shot by Zach Parise.
12:17 of 3rd period - Stopped by Jacob Markstrom without a rebound.
12:18 of 3rd period - Jonathan Huberdeau wins face-off versus David Krejci in Senators zone.
12:25 of 3rd period - Shot by Claude Giroux.
12:25 of 3rd period - Stopped by Jacob Markstrom without a rebound.
12:26 of 3rd period - Tom Wilson wins face-off versus Claude Giroux in Senators zone.
12:49 of 3rd period - Icing by Nikita Zaytsev.
12:50 of 3rd period - Trevor Lewis wins face-off versus Tom Wilson in Senators zone.
12:57 of 3rd period - Shot by Ted Purcell.
12:57 of 3rd period - Stopped by Jacob Markstrom with a rebound.
13:10 of 3rd period - Minor Penalty to Duncan Keith for Holding.
13:11 of 3rd period - David Krejci wins face-off versus Claude Giroux in Flyers zone.
13:32 of 3rd period - Shot by Jay Beagle.
13:32 of 3rd period - Goal by Jay Beagle - Flyers : 5 - Senators : 5.
13:33 of 3rd period - Robert Nilsson wins face-off versus Ryan Nugent-Hopkins in neutral zone.
13:38 of 3rd period - Icing by Shayne Gostisbehere.
13:39 of 3rd period - Tom Wilson wins face-off versus Ryan Nugent-Hopkins in Flyers zone.
13:42 of 3rd period - Shot by Blake Wheeler.
13:42 of 3rd period - Shot Blocked by Zach Parise.
14:45 of 3rd period - Shot by David Krejci.
14:45 of 3rd period - Stopped by Jaroslav Halak without a rebound.
14:46 of 3rd period - Dustin Brown wins face-off versus Jay Beagle in Flyers zone.
15:19 of 3rd period - Shot by Trevor Lewis.
15:19 of 3rd period - Stopped by Jacob Markstrom with a rebound.
16:02 of 3rd period - Icing by Nikita Zaytsev.
16:03 of 3rd period - Jay Beagle wins face-off versus Ryan Nugent-Hopkins in Senators zone.
16:35 of 3rd period - Ryan Nugent-Hopkins is hit by Dennis Seidenberg.
17:58 of 3rd period - Shot by Tom Wilson.
17:58 of 3rd period - Stopped by Jaroslav Halak without a rebound.
17:59 of 3rd period - Robert Nilsson wins face-off versus Trevor Lewis in Flyers zone.
18:36 of 3rd period - Icing by Duncan Keith.
18:37 of 3rd period - Trevor Lewis wins face-off versus David Krejci in Flyers zone.
18:45 of 3rd period - Nicklas Grossman is hit by Jordan Staal and loses puck.
18:56 of 3rd period - Shot by Jordan Staal.
18:56 of 3rd period - Stopped by Jaroslav Halak without a rebound.
18:57 of 3rd period - Tom Wilson wins face-off versus Claude Giroux in Flyers zone.
18:58 of 3rd period - Shot by Blake Wheeler.
18:58 of 3rd period - Shot Blocked by Tyler Myers.
19:13 of 3rd period - Shot by Claude Giroux.
19:13 of 3rd period - Shot Misses the Net.
19:15 of 3rd period - Shot by Tyler Myers.
19:15 of 3rd period - Stopped by Jacob Markstrom without a rebound.
19:16 of 3rd period - David Krejci wins face-off versus Ryan Nugent-Hopkins in Senators zone.
19:45 of 3rd period - Ryan Nugent-Hopkins is hit by Jordan Staal and loses puck.
19:52 of 3rd period - Shot by Boone Jenner.
19:52 of 3rd period - Stopped by Jaroslav Halak without a rebound.
19:53 of 3rd period - Claude Giroux wins face-off versus Tom Wilson in Flyers zone.
19:53 of 3rd period - Minor Penalty to Tom Wilson for Boarding.
19:54 of 3rd period - Claude Giroux wins face-off versus Blake Wheeler in Senators zone.
Goals for this period are 2 for Flyers vs 3 for Senators.
Shots for this period are 10 for Flyers vs 14 for Senators.

Overtime #1


0:01 of 1st overtime period - David Krejci wins face-off versus Claude Giroux in neutral zone.
0:12 of 1st overtime period - Shot by Claude Giroux.
0:12 of 1st overtime period - Shot Misses the Net.
0:26 of 1st overtime period - Shot by Patrick Kane.
0:26 of 1st overtime period - Stopped by Jacob Markstrom with a rebound.
1:07 of 1st overtime period - Off-side.
1:08 of 1st overtime period - David Krejci wins face-off versus Trevor Lewis in neutral zone.
1:19 of 1st overtime period - Shot by Zach Parise.
1:19 of 1st overtime period - Goal by Zach Parise - Flyers : 6 - Senators : 5.
Goals for this period are 1 for Flyers vs 0 for Senators.
Shots for this period are 2 for Flyers vs 0 for Senators.